 Dungeon Crawl Stone Soup version 0.28-b1-70-g80dc712255 (webtiles) character file.

Game seed: 1488752624699015145

2660 cbfl8 the Protected (level 9, -3/78 HPs)
             Began as a Minotaur Cinder Acolyte on Feb 3, 2022.
             Was a Follower of Ignis.
             Slain by Prince Ribbit (8 damage)
             ... on level 6 of the Dungeon.
             The game lasted 00:19:47 (8795 turns).

cbfl8 the Protected (Minotaur Cinder Acolyte)       Turns: 8795, Time: 00:19:48

Health: -3/78      AC: 19    Str: 30    XL:     9   Next: 36%
Magic:  9/9        EV:  5    Int: 11    God:    Ignis [*.....]
Gold:   153        SH: 12    Dex:  5    Spells: 10/10 levels left

rFire   + + .      SeeInvis .   x - +2 dagger (protect)
rCold   x . .      Faith    .   m - +0 tower shield
rNeg    . . .      Spirit   .   r - +0 plate armour
rPois   .          Reflect  .   (helmet restricted)
rElec   .          Harm     .   K - +0 cloak
rCorr   .          Rampage  .   f - +2 pair of gloves
Will    .....                   j - +0 pair of boots
Stlth   ..........              (no amulet)
HPRegen 0.23/turn               u - ring of fire
MPRegen 0.11/turn               v - +6 ring of strength

@: on berserk cooldown, slowed, very slow
A: horns 2, retaliatory headbutt
a: Renounce Religion, Fiery Armour, Foxfire Swarm


You were on level 6 of the Dungeon.
You worshipped Ignis.
Ignis was aware of your devotion.
You visited 1 branch of the dungeon, and saw 6 of its levels.
You also visited: Sewer.

You collected 273 gold pieces.
You spent 120 gold pieces at shops.

Inventory:

Hand Weapons
 a - a -1 hand axe of flaming
 o - a +2 trident of protection
 x - a +2 dagger of protection (weapon)
 B - a +2 whip of holy wrath
 H - a +2 whip of freezing
 J - a +3 quarterstaff of chaos
Missiles
 E - a throwing net (quivered)
Armour
 b - a +0 robe
 d - a +0 helmet
 f - a +2 pair of gloves (worn)
 j - a +0 pair of boots (worn)
 m - a +0 tower shield (worn)
 n - a +0 ring mail
 r - a +0 plate armour (worn)
 K - a +0 cloak (worn)
Jewellery
 c - a ring of magical power
 u - a ring of fire (left hand)
 v - a +6 ring of strength (right hand)
 I - an amulet of regeneration
Wands
 q - a wand of flame (2)
 y - a wand of charming (14)
Scrolls
 e - 2 scrolls of immolation
 k - 3 scrolls of teleportation
 l - a scroll of fear
 p - a scroll of fog
 w - 3 scrolls of amnesia
 A - 2 scrolls of identify
 D - a scroll of noise {unknown}
 G - a scroll of magic mapping
 L - a scroll of vulnerability
Potions
 g - 3 potions of flight
 s - a potion of might {unknown}
 t - a potion of attraction {unknown}
 z - a potion of lignification {unknown}
 C - 2 potions of mutation {unknown}
 F - a potion of magic {unknown}


   Skills:
 + Level 6.5 Fighting
 + Level 3.3 Short Blades
 + Level 6.5(6.8) Axes
 + Level 2.4(4.8) Maces & Flails
 + Level 1.0(4.2) Polearms
 + Level 8.1 Armour
 + Level 3.0 Dodging
 + Level 0.9 Stealth
 + Level 7.8 Shields
 + Level 1.0 Spellcasting
 + Level 2.6 Fire Magic


You had 10 spell levels left.
You didn't know any spells.
Your spell library contained the following spells:

 Spells                   Type           Power      Damage    Failure   Level
 Animate Skeleton         Necr           0%         N/A       100%        1
 Pain                     Necr           0%         1d4       100%        1
 Scorch                   Fire           18%        2d6       100%        2
 Vampiric Draining        Necr           0%         2d6       100%        3


Dungeon Overview and Level Annotations

Branches:
Dungeon (6/15)              Sewer (visited)
 Temple: D:4-7

Altars:
Ashenzari
Gozag
Kikubaaqudgha
Okawaru
Ru

Shops:
D:4 !**   D:5 (

Annotations:
D:6 Prince Ribbit


Innate Abilities, Weirdness & Mutations

You have a pair of horns on your head.
You reflexively headbutt those who attack you in melee.


Message History

Prince Ribbit hits you!
* * * LOW HITPOINT WARNING * * *
Your base Polearms skill increases to level 1!
Your Armour skill increases to level 8!
Your Dodging skill increases to level 3!
You barely miss Prince Ribbit.
Prince Ribbit is heavily wounded.
You miss Prince Ribbit.
Prince Ribbit is heavily wounded.
Prince Ribbit barely misses you. You furiously retaliate!
You headbutt Prince Ribbit! You miss Prince Ribbit.
Your headbutt misses Prince Ribbit.
Prince Ribbit is severely wounded.
Prince Ribbit blinks!
Prince Ribbit blinks!
Things that are here:
a +2 vampiric scimitar; +0 steam dragon scales You feel a strong urge to attack something.
You are no longer berserk.
You are exhausted.
You feel yourself slow down.
Prince Ribbit blinks!
Prince Ribbit blinks!
There is an open door here.
Okay, then.
As you read the scroll labelled JEKLOP JEGU, it crumbles to dust.
You feel strangely unstable.
It was a scroll of teleportation.
Prince Ribbit blinks!
Your surroundings seem slightly different.
Prince Ribbit blinks!
You block Prince Ribbit's attack. Prince Ribbit hits you!
* * * LOW HITPOINT WARNING * * *
Prince Ribbit hits you.
* * * LOW HITPOINT WARNING * * *
Prince Ribbit asks, "Just a little smooch?"
Prince Ribbit closely misses you. Prince Ribbit closely misses you.
Prince Ribbit hits you!
You die...

....ยง..)F...........
####.######'#######.
#...# #####...#
#...'...#
######.###...#
#.(..#.# #...#
#.#.<#.# #...#
#.####.# #..@#
#......# #.F.#
######## #####


You could see Prince Ribbit.

Vanquished Creatures
  Maggie (D:6)
  Sigmund (D:3)
  5 yaks (D:5)
  A water moccasin (D:5)
  A sky beast (D:5)
  A necrophage (D:5)
  A wolf (D:5)
  The ghost of zeram the Covered, an amateur GrFi (D:3)
  A phantom (D:5)
  A kobold brigand (Sewer)
  2 scorpions (D:5)
  2 gnoll sergeants (D:5)
  A water moccasin skeleton (D:5)
  A howler monkey (D:5)
  4 hounds
  A gnoll shaman (D:5)
  An orc priest (D:4)
  A bullfrog skeleton (D:5)
  Crazy Yiuf (D:5)
  2 orc wizards (D:5)
  A centaur simulacrum (D:3)
  A scorpion simulacrum (D:3)
  A hound skeleton (D:5)
  7 gnolls
  2 river rats (Sewer)
  4 adders
  A hound simulacrum (D:3)
  A white imp (D:3)
  2 adder skeletons
  4 worms
  2 adder simulacra (D:3)
  3 dart slugs (D:1)
  8 orcs
  9 bats
  4 endoplasms
  6 giant cockroaches
  9 goblins
  8 hobgoblins
  13 jackals
  10 kobolds
  4 quokkas
  3 ball pythons
  5 frilled lizards
  A giant cockroach simulacrum (D:3)
  7 rats
146 creatures vanquished.

Vanquished Creatures (others)
  103 foxfires
  2 plants (D:2)
105 creatures vanquished.

Grand Total: 251 creatures vanquished

Notes
Turn   | Place    | Note
-------+----------+-------------------------------------------
     0 | D:1      | cbfl8 the Minotaur Cinder Acolyte began the quest for the
                  | Orb.
     0 | D:1      | Reached XP level 1. HP: 19/19 MP: 1/1
   274 | D:1      | Reached XP level 2. HP: 23/27 MP: 2/2
   567 | D:1      | Reached XP level 3. HP: 18/33 MP: 3/3
  1847 | D:2      | Reached skill level 1 in Dodging
  2317 | D:3      | Reached XP level 4. HP: 40/40 MP: 4/4
  2333 | D:3      | Noticed Sigmund
  2351 | D:3      | Killed Sigmund
  2352 | D:3      | Reached skill level 5 in Axes
  2352 | D:3      | Reached skill level 1 in Armour
  2352 | D:3      | Reached skill level 1 in Shields
  2352 | D:3      | Reached XP level 5. HP: 35/47 MP: 5/5
  2565 | D:3      | Found an iron altar of Okawaru.
  2781 | D:3      | Found a runed translucent gate.
  2782 | D:3      | Found a runed translucent gate.
  2784 | D:3      | Found a runed translucent gate.
  2825 | D:3      | Noticed zeram's ghost (amateur GrFi)
  3245 | D:3      | Reached skill level 2 in Armour
  3396 | D:3      | Reached XP level 6. HP: 53/53 MP: 6/6
  3683 | D:3      | Killed zeram's ghost
  4223 | D:4      | Found a broken altar of Ashenzari.
  4385 | D:4      | Found a glowing drain.
  4401 | Sewer    | Entered a sewer
  4407 | Sewer    | Reached skill level 3 in Armour
  4768 | Sewer    | Found a white marble altar of Elyvilon.
  5038 | D:4      | Found an opulent altar of Gozag.
  5114 | D:4      | Reached XP level 7. HP: 60/60 MP: 7/7
  5161 | D:4      | Found Fevius's Distillery.
  5165 | D:4      | Bought a potion of haste for 120 gold pieces
  5200 | D:5      | Entered Level 5 of the Dungeon
  5224 | D:5      | Reached skill level 5 in Fighting
  5224 | D:5      | Reached skill level 4 in Armour
  5527 | D:5      | Reached skill level 5 in Armour
  5717 | D:5      | Found Imaejoma's Weapon Boutique.
  5763 | D:5      | Noticed a yak
  5764 | D:5      | Noticed a yak
  5765 | D:5      | Noticed a yak
  5766 | D:5      | Noticed a yak
  5766 | D:5      | Noticed a yak
  6269 | D:4      | Found Tosoduh's Specific Store.
  6275 | D:4      | Found Feidota's General Store.
  6355 | D:4      | Found a sacrificial altar of Ru.
  6540 | D:5      | Reached skill level 1 in Maces & Flails
  6540 | D:5      | Reached XP level 8. HP: 28/67 MP: 8/8
  6549 | D:5      | Reached skill level 5 in Shields
  6794 | D:5      | Found an ancient bone altar of Kikubaaqudgha.
  7082 | D:5      | Reached skill level 6 in Armour
  7657 | D:5      | Reached skill level 1 in Short Blades
  7943 | D:5      | Found a runed translucent door.
  7944 | D:5      | Noticed Crazy Yiuf
  7953 | D:5      | Killed Crazy Yiuf
  8136 | D:5      | Reached skill level 7 in Armour
  8171 | D:5      | Reached XP level 9. HP: 14/75 MP: 9/9
  8745 | D:6      | Noticed Prince Ribbit
  8745 | D:6      | Noticed Maggie
  8773 | D:6      | Killed Maggie
  8774 | D:6      | Reached skill level 1 in Polearms
  8774 | D:6      | Reached skill level 8 in Armour
  8795 | D:6      | Slain by Prince Ribbit

Illustrated notes

Levels and vault maps discovered:
D:1:      mrwooster_arrival_arrow, layout_basic
D:2:      layout_basic, serial_bayou_crossing
D:3:      layout_loops_corners, okawaru_metal_pillars_1_2, gammafunk_ghost_icy,
          uniq_sigmund
D:4:      layout_loops_ring, lemuel_doored_altar,
          mainiacjoe_overflow_cross_hatched, general_overflow_altar,
          portal_sewer_entry_f, serial_shops, nicolae_shop_hallway_stairs,
          minmay_door_square, nicolae_specific_store, glass_columns_a
D:5:      layout_cave_pods, mainiacjoe_overflow_tiny_flanked, serial_shops,
          shop, serial_gnoll_camp, gnoll_camp_mini_house, gnoll_camp_mini_hut,
          gnoll_camp_mini_doghouse, gnoll_camp_mini_house,
          uniq_crazy_yiuf_cottage
D:6:      minmay_clustersquares, layout_basic, minmay_temple_entry_crystal_x,
          uniq_maggie, uniq_prince_ribbit1

Skill      XL: |  1  2  3  4  5  6  7  8  9 |
---------------+----------------------------+-----
Axes           | 4 5 6 |  6.5
Fighting       | 4 5 6 |  6.5
Dodging        | 1 2 3 |  3.0
Armour         | 1 2 3 5 7 8 |  8.1
Shields        | 1 3 4 7 |  7.8
Maces & Flails | 1 2 |  2.4
Short Blades   | 2 3 |  3.3
Polearms       | 1 |  1.0
Stealth        | |  0.9
Spellcasting   | |  1.0
Fire Magic     | |  2.6

Action                   |  1- 3 |  4- 6 |  7- 9 || total
-------------------------+-------+-------+-------++-------
Melee: Hand axe          |    98 |   161 |    25 ||   284
       Headbutt          |     9 |    16 |    38 ||    63
       Punch             |     1 |       |       ||     1
       Whip              |       |       |   102 ||   102
       Dagger            |       |       |   160 ||   160
       Trident           |       |       |     8 ||     8
Invok: Rising Flame      |     1 |       |       ||     1
       Fiery Armour      |       |     1 |       ||     1
       Foxfire Swarm     |       |     2 |     5 ||     7
  Use: Scroll            |       |     3 |     7 ||    10
       Potion            |       |       |    10 ||    10
Armor: Robe              |    36 |       |       ||    36
       Ring mail         |    22 |     8 |       ||    30
       Plate armour      |       |   106 |   323 ||   429
Dodge: Dodged            |    89 |    14 |    83 ||   186
Block: Tower shield      |    24 |   106 |   246 ||   376
